 Seeded DCSS version 0.29-a0-393-g47a863c (webtiles) character file.

Game seed: 8414314778545686591 (custom seed)

704 Illumine the Cudgeller (level 7, 0/36 HPs)
             Began as a Vine Stalker Berserker on May 9, 2022.
             Was a Priest of Trog.
             Succumbed to a water moccasin's poison
             ... on level 6 of the Dungeon.
             The game lasted 00:12:20 (4395 turns).

Illumine the Cudgeller (Vine Stalker Berserker)     Turns: 4395, Time: 00:12:21

Health: 0/36       AC:  4    Str: 27    XL:     7   Next: 67%
Magic:  5/8        EV: 12    Int: 13    God:    Trog [***...]
Gold:   156        SH:  0    Dex: 14    Spells: 6/6 levels left

rFire   . . .      SeeInvis .   a - +5 club
rCold   . . .      Faith    .   (no shield)
rNeg    . . .      Spirit   +   A - +0 troll leather armour {Pargi}
rPois   .          Reflect  .   (no helmet)
rElec   .          Harm     .   (no cloak)
rCorr   .          Rampage  .   (no gloves)
Will    .....                   (no boots)
Stlth   +.........              (no amulet)
HPRegen 1.72/turn               c - +6 ring of intelligence
MPRegen 0.11/turn               B - +6 ring of strength

@: lethally poisoned (0 -> -1), on berserk cooldown, slowed, studying
Evocations, very slow
A: fangs 2, regeneration 1, magic shield, antimagic bite, no potion heal 2
a: Renounce Religion, Berserk, Trog's Hand


You were on level 6 of the Dungeon.
You worshipped Trog.
Trog was most pleased with you.
You visited 1 branch of the dungeon, and saw 6 of its levels.
You also visited: Sewer.

You collected 156 gold pieces.

Inventory:

Hand Weapons
 a - a +5 club (weapon)
 b - a +0 hunting sling
 k - a +0 short sword
 n - the +10 morningstar of the Muttering Seeker {pain, rCorr Int+2}
   (You took it off a hobgoblin on level 3 of the Dungeon)

   In the hands of one skilled in necromantic magic, it inflicts extra damage on
   living creatures.
   Int:       It affects your intelligence (+2).
   rCorr:     It protects you from acid and corrosion.
   Trog disapproves of the use of such an item.
Missiles
 e - 150 stones (quivered)
 p - 9 boomerangs
Armour
 q - a +0 plate armour
 A - a +0 troll leather armour (worn) {Pargi}
Jewellery
 c - a +6 ring of intelligence (left hand)
 B - a +6 ring of strength (right hand)
Wands
 x - a wand of paralysis (6)
Scrolls
 f - 3 scrolls of summoning
 g - a scroll of amnesia {unknown}
 h - a scroll of poison
 i - 2 scrolls of fog
 l - a scroll of fear {unknown}
 m - 2 scrolls of enchant weapon
 r - 2 scrolls of teleportation {unknown}
 t - a scroll of torment {unknown}
 y - a scroll of enchant armour {unknown}
 C - a scroll of acquirement {unknown}
Potions
 d - a potion of invisibility
 j - a potion of attraction {unknown}
 o - 2 potions of magic {unknown}
 s - a potion of might {unknown}
 u - a potion of lignification {unknown}
 v - a potion of degeneration {unknown}
 w - a potion of resistance {unknown}
 z - 2 potions of haste {unknown}
 D - a potion of ambrosia {unknown}


   Skills:
 + Level 3.3 Fighting
 - Level 4.1 Short Blades
 * Level 4.9 Maces & Flails
 + Level 2.5 Armour
 - Level 1.5 Dodging
 + Level 4.3 Evocations


You had 6 spell levels left.
You didn't know any spells.
Your spell library was empty.

Dungeon Overview and Level Annotations

Branches:
Dungeon (6/15)             Temple (0/1) D:5           Sewer (visited)

Altars:
Dithmenos
Nemelex Xobeh

Annotations:
D:3 Sigmund


Innate Abilities, Weirdness & Mutations

You have extremely sharp teeth.
Your natural rate of healing is unusually fast.
When hurt, damage is shared between your health and your magic reserves.
Your bite disrupts and absorbs the magic of your enemies.
Potions cannot restore your health.


Message History

You are more poisoned.
The water moccasin poisons you!
You closely miss the water moccasin.
The water moccasin is almost dead.
* * * LOW HITPOINT WARNING * * *
You feel very sick. The water moccasin closely misses you.
You miss the water moccasin.
The water moccasin is almost dead.
* * * LOW HITPOINT WARNING * * *
You feel very sick.
The water moccasin bites you but does no damage.
You barely miss the water moccasin.
The water moccasin is almost dead.
* * * LOW HITPOINT WARNING * * *
You feel very sick.
The water moccasin bites you but does no damage.
You miss the water moccasin. Your bite misses the water moccasin.
The water moccasin is almost dead.
You feel sick. The water moccasin bites you.
* * * LOW HITPOINT WARNING * * *
You sock the water moccasin!
You kill the water moccasin!
Trog accepts your kill.
* * * LOW HITPOINT WARNING * * *
You feel very sick.
You are too berserk!
You are too berserk!
You are too berserk!
You are too berserk!
Unknown command.
* * * LOW HITPOINT WARNING * * *
You feel sick.
You feel a strong urge to attack something.
* * * LOW HITPOINT WARNING * * *
You feel sick.
You are no longer berserk.
You are exhausted.
You feel yourself slow down.
You die...

..........#
..#.........#
#####.#.........#
...#.#........$#
###....#.........#
.##....#.........#
###.##....#.........#
....##....#.....@...#
...# #....#.........#
...# ##+#.#.........#
...####+#.......#####
.........)...........
######...#####.......
# #...#####........ #
+...#...+........ #
####...#.###........


There were no monsters in sight!

Vanquished Creatures
  A water moccasin (D:6)
  Pargi (Sewer)
  A scorpion (D:5)
  A howler monkey (D:5)
  3 hounds
  2 jellies
  An orc priest (D:3)
  Jessica (D:2)
  An orc wizard (D:3)
  An iguana (D:4)
  An adder (D:2)
  3 gnolls (D:2)
  An ufetubus (D:5)
  3 dart slugs
  6 orcs
  7 ball pythons
  6 bats
  10 endoplasms
  5 giant cockroaches
  9 goblins
  6 hobgoblins
  3 kobolds
  6 quokkas
  23 frilled lizards
  A rat (D:1)
103 creatures vanquished.

Vanquished Creatures (collateral kills)
  A giant cockroach (D:3)
  A hobgoblin (D:3)
2 creatures vanquished.

Vanquished Creatures (others)
  7 plants (D:4)
7 creatures vanquished.

Grand Total: 112 creatures vanquished

Notes
Turn   | Place    | Note
-------+----------+-------------------------------------------
     0 | D:1      | Illumine the Vine Stalker Berserker began the quest for the
                  | Orb.
     0 | D:1      | Reached XP level 1. HP: 11/11 MP: 2/2
   325 | D:1      | Reached XP level 2. HP: 16/16 MP: 3/3
   837 | D:1      | Reached XP level 3. HP: 19/19 MP: 4/4
  1140 | D:1      | Found a faded altar of an unknown god.
  1166 | D:2      | Noticed Jessica
  1171 | D:2      | Killed Jessica
  1172 | D:2      | Gained mutation: Your natural rate of healing is unusually
                  | fast. [Vine Stalker growth]
  1172 | D:2      | Reached XP level 4. HP: 23/23 MP: 5/5
  1901 | D:2      | Reached skill level 1 in Maces & Flails
  1980 | D:2      | Reached XP level 5. HP: 28/28 MP: 6/6
  2187 | D:3      | Noticed Sigmund
  2199 | D:2      | Reached ** piety under Trog
  2456 | D:3      | Reached skill level 1 in Evocations
  2543 | D:3      | Identified the +10 morningstar of the Muttering Seeker
                  | {pain, rCorr Int+2}
  2863 | D:4      | Reached XP level 6. HP: 32/32 MP: 5/7
  3396 | D:5      | Entered Level 5 of the Dungeon
  3478 | D:5      | Found a sparkling altar of Nemelex Xobeh.
  3486 | D:5      | Found a shadowy altar of Dithmenos.
  3724 | D:5      | Found a glowing drain.
  3731 | Sewer    | Entered a sewer
  3817 | Sewer    | Reached *** piety under Trog
  3826 | Sewer    | Noticed Pargi
  3843 | Sewer    | Killed Pargi
  3844 | Sewer    | Reached XP level 7. HP: 36/36 MP: 8/8
  4014 | D:5      | Found a staircase to the Ecumenical Temple.
  4392 | D:6      | HP: 2/54 [poisoned by a water moccasin]
  4395 | D:6      | Succumbed to a water moccasin's poison

Illustrated notes

Levels and vault maps discovered:
D:1:      minmay_arrival_semitransparent, layout_loops_ring,
          chequers_ecumenical_altar_grove, serial_bayou_pond_d
D:2:      layout_loops_corners, minivault_14, uniq_jessica
D:3:      cheibrodos_thug_alley, layout_basic, uniq_sigmund
D:4:      layout_cave_pods, minmay_lizard_king
D:5:      layout_basic, grunt_temple_overflow_open, minmay_temple_entry_wispy,
          portal_sewer_entry_e, kennysheep_generic_room_12
D:6:      layout_basic, amcnicky_altar_gilded, chequers_serial_rivers_large_a

Skill      XL: |  1  2  3  4  5  6  7 |
---------------+----------------------+-----
Short Blades   | 3 4 |  4.1
Fighting       | 3 |  3.3
Maces & Flails | 1 3 4 |  4.9
Armour         | 2 |  2.5
Evocations     | 2 3 4 |  4.3
Dodging        | |  1.5

Action                   |  1- 3 |  4- 6 |  7- 9 || total
-------------------------+-------+-------+-------++-------
Melee: Short sword       |    54 |       |       ||    54
       Bite              |    16 |    38 |     2 ||    56
       Punch             |     1 |     1 |       ||     2
       Club              |       |   169 |    27 ||   196
 Fire: Hunting sling     |       |       |     5 ||     5
Throw: Stone             |    54 |    58 |     1 ||   113
Invok: Berserk           |     1 |     2 |     1 ||     4
       Trog's Hand       |       |     1 |       ||     1
Evoke: Wand              |       |     2 |       ||     2
  Use: Scroll            |       |     7 |       ||     7
 Stab: Paralysed         |       |     6 |       ||     6
Armor: Animal skin       |     2 |       |       ||     2
       Chain mail        |     8 |    19 |       ||    27
       Plate armour      |       |    83 |       ||    83
       Troll leather arm |       |       |     9 ||     9
Dodge: Dodged            |    29 |    56 |    15 ||   100

Table legend: (Time is in decaauts)
 A = Elapsed time spent in this place.
 B = Non-inter-level travel time spent in this place.
 C = Inter-level travel time spent in this place.
 D = Time resting spent in this place.
 E = Time spent auto-exploring this place.
 F = Levels seen in this place.
 G = Mean time per level.
                   A        B        C        D        E       F      G
               +--------+--------+--------+--------+--------+-----+--------+
         Total |   4495 |   4188 |    307 |    278 |   2813 |   7 |  642.1 |
       Dungeon |   4266 |   3959 |    307 |    278 |   2686 |   6 |  711.0 |
         Sewer |    229 |    229 |      0 |      0 |    127 |   1 |  229.0 |
               +--------+--------+--------+--------+--------+-----+--------+

Top non-repeatable levels by time:
     D:1: 1163 daAuts
     D:2: 1056 daAuts
     D:4: 772 daAuts
     D:5: 709 daAuts
     D:3: 469 daAuts
   Sewer: 229 daAuts
     D:6: 95 daAuts
